 Dungeon Crawl Stone Soup version 0.20.1-1-g8b1a95d (webtiles) character file.

140 mortelune the Skirmisher (level 5, -3/33 HPs)
             Began as a Gargoyle Fighter on Nov 22, 2017.
             Was an Initiate of Okawaru.
             Slain by a phantom (5 damage)
             ... on level 3 of the Dungeon.
             The game lasted 00:08:59 (2611 turns).

mortelune the Skirmisher (Gargoyle Fighter)         Turns: 2611, Time: 00:09:00

Health: -3/33      AC: 12    Str: 20    XL:     5   Next: 22%
Magic:  5/5        EV:  7    Int:  9    God:    Okawaru [......]
Gold:   138        SH:  9    Dex:  9    Spells: 4/4 levels left

rFire    . . .     SeeInvis .   a - +0 flail
rCold    . . .     Gourm    .   c - +0 shield
rNeg     + . .     Faith    .   b - +0 scale mail
rPois    ∞         Spirit   .   (no helmet)
rElec    +         Reflect  .   (no cloak)
rCorr    .         Harm     .   s - +0 pair of gloves
MR       .....                  (no boots)
Stlth    ..........             (no amulet)
Regen    0.2/turn               (no ring)
MPRegen  0.1/turn               (no ring)

@: no status effects
A: negative energy resistance 1, electricity resistance, unbreathing,
petrification resistance, rot immunity, AC +4
a: Renounce Religion


You were on level 3 of the Dungeon.
You worshipped Okawaru.
Okawaru was noncommittal.
You were not hungry.

You visited 1 branch of the dungeon, and saw 3 of its levels.

You collected 138 gold pieces.

Inventory:

Hand Weapons
 a - a +0 flail (weapon)
 q - a +0 blowgun
Missiles
 p - 3 poisoned needles
Armour
 b - a +0 scale mail (worn)
 c - a +0 shield (worn)
 n - a cursed +0 ring mail
 s - a +0 pair of gloves (worn)
Scrolls
 e - a scroll of teleportation {unknown}
 i - 2 scrolls of remove curse {unknown}
 j - a scroll of fog {unknown}
 k - 2 scrolls of enchant armour {unknown}
 o - a scroll of random uselessness {unknown}
Potions
 d - 2 potions of might
 h - a potion of agility
 l - a potion of haste
 m - a potion of curing {unknown}
Comestibles
 f - a bread ration
 g - 3 fruits
 r - 10 chunks of flesh


   Skills:
 + Level 4.2 Fighting
 * Level 4.0 Maces & Flails
 + Level 4.1 Armour
 - Level 3.2 Shields


You had 4 spell levels left.
You didn't know any spells.

Dungeon Overview and Level Annotations

Branches:
Dungeon (3/15)

Altars:
Okawaru


Innate Abilities, Weirdness & Mutations

You are resistant to torment.
Your stone body is resilient. (AC +4)
You are immune to poison.
You resist negative energy. (rN+)
You are resistant to electric shocks. (rElec)
You can survive without breathing.
You are immune to petrification.
You are immune to rotting.


Message History

The phantom is severely damaged.
The phantom blinks!
The phantom blinks!
The phantom hits you but does no damage.
You barely miss the phantom.
The phantom is severely damaged.
The phantom hits you.
* * * LOW HITPOINT WARNING * * *
You closely miss the phantom.
The phantom is severely damaged.
The phantom closely misses you.
Some of the chunks of flesh in your inventory have rotted away.
You miss the phantom.
The phantom is severely damaged.
The phantom hits you.
* * * LOW HITPOINT WARNING * * *
You barely miss the phantom.
The phantom is severely damaged.
The phantom hits you.
You die...

#......).##.#...##### #.####
###.....###.##..# #....#
####.....# #.....# ####.# #
.........# ####.## #.# #
.###.....# ##'## ####.### .#
#.....# ##...## #.......
.#####..## ##.....## ##.##.###
.##...÷.# ##.......######..##.# #
.##....####.>..W@...##........###
.##.......'.........'............
.##....####.........##.#...######
.......# ##.........#.##........
###.#### ##..######..##########
#.##########......##.##
#.#.......###+.##[###.##
#.#.#####.# #.#.###.##÷## #.#.#
#.# #.##.##.....##


You could see a phantom.

Vanquished Creatures
  A worker ant (D:3)
  Robin (D:2)
  2 adders (D:3)
  An ooze (D:3)
  A worm (D:2)
  5 leopard geckos
  An orc (D:3)
  A ball python (D:2)
  4 bats
  A giant cockroach (D:2)
  17 goblins
  9 hobgoblins
  4 jackals (D:3)
  5 frilled lizards
  8 kobolds
  7 rats
68 creatures vanquished.

Notes
Turn   | Place    | Note
-------+----------+-------------------------------------------
     0 | D:1      | mortelune the Gargoyle Fighter began the quest for the Orb.
     0 | D:1      | Reached XP level 1. HP: 14/14 MP: 1/1
   205 | D:1      | Reached XP level 2. HP: 15/19 MP: 2/2
   852 | D:2      | Reached XP level 3. HP: 24/24 MP: 3/3
   894 | D:2      | Found an iron altar of Okawaru.
  1556 | D:2      | Became a worshipper of Warmaster Okawaru
  1931 | D:3      | Noticed Robin
  1954 | D:2      | Killed Robin
  1954 | D:2      | Reached XP level 4. HP: 20/29 MP: 4/4
  2354 | D:3      | Reached XP level 5. HP: 27/33 MP: 5/5
  2561 | D:3      | Noticed a phantom
  2611 | D:3      | Slain by a phantom

Skill      XL: |  1  2  3  4  5 |
---------------+----------------+-----
Maces & Flails | 3 4 |  4.0
Fighting       | 4 |  4.2
Armour         | 4 |  4.1
Shields        | |  3.2

Action                   |  1- 3 |  4- 6 || total
-------------------------+-------+-------++-------
Melee: Flail             |   162 |   119 ||   281
  Use: Scroll            |     2 |       ||     2
  Eat: Chunk             |     3 |     3 ||     6
Armor: Scale mail        |    90 |    73 ||   163
Dodge: Dodged            |    40 |    41 ||    81
Block: Shield            |    67 |    72 ||   139
